 Dungeon Crawl Stone Soup version 0.19.5 (webtiles) character file.

134 McKennaii the Skirmisher (level 4, 0/37 HPs)
             Began as a Demonspawn Abyssal Knight on May 1, 2017.
             Was a Believer of Lugonu.
             Slain by an adder (1 damage)
             ... on level 4 of the Dungeon.
             The game lasted 00:06:42 (3120 turns).

McKennaii the Skirmisher (DsAK)                     Turns: 3120, Time: 00:06:43

Health: 0/37       AC: 10    Str: 12    XL:     4   Next: 95%
Magic:  5/5        EV: 10    Int: 14    God:    Lugonu [**....]
Gold:   235        SH:  4    Dex: 15    Spells: 0 memorised, 3 levels left

rFire  . . .     SeeInvis .     a - +1 falchion
rCold  . . .     Gourm    .     j - +3 ring mail
rNeg   . . .     Faith    .     e - +0 buckler
rPois  .         Spirit   .     w - +2 hat
rElec  .         Reflect  .     (no cloak)
rCorr  .         Harm     +     (no gloves)
MR     .....                    (no boots)
Stlth  +.........               x - amulet of harm
                                (no ring)
                                (no ring)

@: lethally poisoned (0 -> -6)
A: antennae 1, thin skeletal structure 1, powered by death 1
a: Depart the Abyss, Bend Space, Renounce Religion


You were on level 4 of the Dungeon.
You worshipped Lugonu.
Lugonu was pleased with you.
You were not hungry.

You visited 1 branch of the dungeon, and saw 4 of its levels.
You visited the Abyss 1 time.

You collected 235 gold pieces.

Inventory:

Hand Weapons
 a - a +1 falchion (weapon)
Armour
 e - a +0 buckler (worn)
 j - a +3 ring mail (worn)
 w - a +2 hat (worn)
Jewellery
 r - an uncursed amulet of the gourmand
 x - an amulet of harm (around neck)
Scrolls
 d - a scroll of fog {unknown}
 f - a scroll of fear
 k - 2 scrolls of blinking {unknown}
 l - 2 scrolls of immolation {unknown}
 m - 3 scrolls of remove curse
 n - a scroll of amnesia {unknown}
 s - a scroll of noise {unknown}
 v - 2 scrolls of identify {unknown}
Potions
 b - 2 potions of curing
 g - a potion of heal wounds
 p - a potion of lignification {unknown}
 q - a potion of haste {unknown}
 u - a potion of might {unknown}
Comestibles
 c - 5 bread rations
 h - 2 meat rations
 i - a slice of pizza
 o - 2 fruits
 t - a royal jelly


   Skills:
 + Level 3.9 Fighting
 + Level 2.6 Long Blades
 + Level 2.8 Armour
 + Level 1.7 Dodging
 + Level 0.4 Stealth
 + Level 0.8 Shields
 + Level 2.4 Invocations


You had 3 spell levels left.
You didn't know any spells.

Dungeon Overview and Level Annotations

Branches:
Dungeon (4/15)
 Temple: D:4-7

Altars:
Hepliaklqana
Okawaru
Sif Muna
Trog

Annotations:
D:3 1 runed door


Innate Abilities, Weirdness & Mutations

You have a pair of small antennae on your head.
You have a somewhat thin skeletal structure. (Dex +2, Stealth)
You regenerate a little health from kills.


Message History

You closely miss the adder.
The gnoll shouts!
The adder bites you but does no damage. You block the adder's attack.
You miss the adder.
You feel sick. The adder bites you.
* * * LOW HITPOINT WARNING * * *
You are lethally poisoned!
The adder poisons you!
You barely miss the adder. You block the adder's attack. The adder misses you.
You hit the adder but do no damage.
* * * LOW HITPOINT WARNING * * *
You feel sick. The adder bites you but does no damage.
Your shield and ring mail prevent you from hitting the adder.
* * * LOW HITPOINT WARNING * * *
You feel sick. The adder barely misses you.
The adder bites you but does no damage.
You barely miss the adder.
* * * LOW HITPOINT WARNING * * *
You feel sick. The gnoll completely misses you.
The adder bites you but does no damage. The adder bites you.
You die...

######### ###.......###
##....(......#
####....#####.#.#
#..........##.#[#
#####.##....##.##.#.#
#########.....###.#.##.##)#.#
#.....g.#.#######.#.......#[#
#.#####....gS@......((.####.#
#.# ###.#######.###..# #.#
#.# #.# #.# #..# #.# ##.##
#.# #.# #..# #.# #...## #.#
#.###..####<## ##.#.#.#####.#
#............. #.##.##......#
######.####### ........######
#.####### #.##.##.# #........


You could see 2 gnolls and an adder.

Vanquished Creatures
  Jessica (D:3)
  A worker ant (D:4)
  An adder (D:2)
  2 worms (D:2)
  A dart slug (D:2)
  2 leopard geckos (D:3)
  3 orcs
  A giant cockroach (D:1)
  4 goblins
  10 hobgoblins
  3 jackals
  3 kobolds
  2 quokkas (D:2)
  3 ball pythons
  6 bats
  9 frilled lizards
  A leopard gecko skeleton (D:3)
  11 rats
64 creatures vanquished.

Notes
Turn   | Place    | Note
-------+----------+-------------------------------------------
     0 | Abyss:1  | McKennaii the Demonspawn Abyssal Knight began the quest for the Orb.
     0 | Abyss:1  | Reached XP level 1. HP: 18/18 MP: 2/2
    46 | Abyss:1  | Noticed a small abomination
    52 | D:1      | Escaped the Abyss
   287 | D:1      | Reached * piety under Lugonu
   319 | D:1      | Gained mutation: You have a pair of small antennae on your head. [demonic ancestry]
   319 | D:1      | Reached XP level 2. HP: 16/24 MP: 3/3
   326 | D:1      | Reached skill level 1 in Dodging
   988 | D:2      | Gained mutation: You have a somewhat thin skeletal structure. (Dex +2, Stealth) [demonic ancestry]
   988 | D:2      | Reached XP level 3. HP: 13/29 MP: 4/4
  2028 | D:2      | Found a hazy altar of Hepliaklqana.
  2046 | D:2      | Noticed a moth of wrath
  2049 | D:2      | Found a bloodstained altar of Trog.
  2205 | D:3      | Found an iron altar of Okawaru.
  2299 | D:3      | Reached ** piety under Lugonu
  2376 | D:3      | Gained mutation: You regenerate a little health from kills. [demonic ancestry]
  2376 | D:3      | Reached XP level 4. HP: 36/36 MP: 5/5
  2492 | D:3      | Noticed Jessica
  2505 | D:3      | Killed Jessica
  2616 | D:3      | Found a deep blue altar of Sif Muna.
  2725 | D:3      | Found a runed door.
  2986 | D:4      | HP: 1/37 [gnoll/flail of holy wrath (14)]
  3120 | D:4      | HP: 1/37 [poisoned by an adder]
  3120 | D:4      | Slain by an adder

Skill      XL: |  1  2 |
---------------+-------+-----
Armour         | 2 |  2.8
Dodging        | 1 |  1.7
Long Blades    | 2 |  2.6
Fighting       | |  3.9
Stealth        | |  0.4
Shields        | |  0.8
Invocations    | |  2.4

Action                   |  1- 3 |  4- 6 || total
-------------------------+-------+-------++-------
Melee: Falchion          |   179 |    67 ||   246
Invok: Depart the Abyss  |     1 |       ||     1
  Use: Potion            |       |     3 ||     3
       Scroll            |       |     2 ||     2
 Stab: Sleeping          |     1 |       ||     1
  Eat: Chunk             |     5 |    10 ||    15
Armor: Leather armour    |    22 |       ||    22
       Ring mail         |    58 |    45 ||   103
Dodge: Dodged            |    87 |    58 ||   145
Block: Buckler           |    25 |    19 ||    44
       Rpst.: Falchion   |    31 |    18 ||    49
